[Event "*** Titled Tuesday Blitz"]
[Site "Chess.com"]
[Date "2019.10.01"]
[Round "8"]
[White "WeAintSurePal"]
[Black "Abdodi"]
[Result "0-1"]
[WhiteElo "2341"]
[BlackElo "2203"]
[TimeControl "180+2"]
[EndTime "14:56:55 PDT"]
[Termination "Abdodi won by resignation"]

1. Nf3 Nf6 2. b3 g6 3. Bb2 Bg7 4. g3 O-O 5. Bg2 d6 6. O-O e5 7. c4 Nc6 8. Nc3 Be6 9. d4 exd4 10. Nxd4 Nxd4 11. Qxd4 Qe7 12. e4 Nd7 13. Qxg7+ Kxg7 14. Nd5+ Qf6 15. Nxf6 Nxf6 16. g4 Bxg4 17. e5 dxe5 18.
Bxb7 Rae8 19. Rfe1 Nd7 20. Bc6 f6 21. Kg2 Bf5 22.
Rad1 Rf7 23. Ba3 Rb8 24. Bd5 Nf8 25. Bxf7 Kxf7 26. Bxf8 Rxf8 27. Rd5 Rb8 28. Rc5 Rb7 29.
f3 Ke7 30. Rd1 Be6 31. h4 Bd7 32. Rcd5 Be6 33. Rd8 Rb6 34. Rh8 h5 35. Rh7+ Bf7 36. Rd5 Ra6 37. a4 Rb6 38. Rb5 Rxb5 39. cxb5 Kf8 40.
Rh8+ Bg8 41. Kf2 Kg7 42. Rxg8+ Kxg8 43. Ke3 f5 44. Kd3 g5 45. hxg5 Kg7 46. Ke3 Kg6 47. f4 e4 48. Kf2 h4 49. Kg2 e3 50.
Kf3 h3 51. Kxe3 h2 52. Kd4 h1=Q 0-1

[Event "*** Titled Tuesday Blitz"]
[Site "Chess.com"]
[Date "2019.10.01"]
[Round "8"]
[White "poliplaza"]
[Black "Marreuh"]
[Result "1-0"]
[WhiteElo "2311"]
[BlackElo "2094"]
[TimeControl "180+2"]
[EndTime "14:57:03 PDT"]
[Termination "poliplaza won by resignation"]

1. d4 Nf6 2. c4 e6 3. Nc3 Bb4 4. Bd2 Bxc3 5. Bxc3 Ne4 6. Rc1 O-O 7. Nf3 b6 8. e3 Bb7 9. Bd3 Nxc3 10. Rxc3 Qf6 11.
e4 Qg6 12. O-O Bxe4 13. Nh4 Qh6 14. Bxe4 d5 15. cxd5 Qxh4 16. Qc2 exd5 17. Bxd5 c6 18. Rh3 Qxh3 19. gxh3 cxd5 20. Qf5 Nc6 21. Qxd5 Rac8 22.
Rd1 Rfd8 23. Qe4 g6 24. d5 Rd6 25. Rc1 Ne7 26. Rxc8+ Nxc8 27. Qe8+ Kg7 28. Qxc8 Rxd5 29. Qc3+ Kg8 30. Kg2 Rc5 31. Qd4 h5 32. h4 Kh7 33.
b4 Rg5+ 34. hxg5 1-0

[Event "*** Titled Tuesday Blitz"]
[Site "Chess.com"]
[Date "2019.10.01"]
[Round "8"]
[White "XiaoKangZhong"]
[Black "Ginzburg_Yakov"]
[Result "0-1"]
[WhiteElo "2430"]
[BlackElo "2580"]
[TimeControl "180+2"]
[EndTime "14:57:10 PDT"]
[Termination "Ginzburg_Yakov won by checkmate"]

1. e4 c5 2. c3 d5 3. exd5 Qxd5 4. d4 e5 5. dxe5 Qxe5+ 6. Be3 Nc6 7. Nf3 Qc7 8. Na3 Nf6 9. Nb5 Qb8 10. Qd2 Nh5 11. h3 a6 12. g4 axb5 13. gxh5 Be7 14. Bxb5 O-O 15. h6 g6 16. h4 Ne5 17. Nxe5 Qxe5 18. a3 Bg4 19. Rg1 Rad8 20. Qc2 Bxh4 21. Rxg4 Qxe3+ 22. Qe2 Bxf2+ 23. Kf1 Rd2 24. Qxe3 Bxe3 25. Rg2 Bxh6 26. Rxd2 Bxd2 27. Rd1 Rd8 28. Ke2 Bg5 29. Rxd8+ Bxd8 30. Kd3 f5 31. Kc4 b6 32. Kd5 Kf7 33.
Kd6 h5 34. Kd7 Bg5 35. Kc7 Bc1 36. Kxb6 Bxb2 37. a4 Bxc3 38. Kxc5 Kf6 39. Kc4 Ba5 40. Kd3 g5 41. Ke3 h4 42. Kf3 g4+ 43. Kf4 Bd2# 0-1

[Event "*** Titled Tuesday Blitz"]
[Site "Chess.com"]
[Date "2019.10.01"]
[Round "8"]
[White "Vuk2000"]
[Black "ChessQueen"]
[Result "1-0"]
[WhiteElo "2803"]
[BlackElo "2614"]
[TimeControl "180+2"]
[EndTime "14:57:17 PDT"]
[Termination "Vuk2000 won by resignation"]

1. d4 Nf6 2. Bg5 e6 3. e4 h6 4. Bxf6 Qxf6 5. c3 d5 6. Bd3 c5 7.
Nf3 Nc6 8. O-O cxd4 9. cxd4 dxe4 10. Bxe4 Bd6 11. Bxc6+ bxc6 12. Nc3 Bc7 13. Qa4 Bd7 14. Ne4 Qe7 15. Nc5 O-O 16. Nxd7 Qxd7 17. Rac1 Rfc8 18. Rc4 Rab8 19. b3 Rb6 20. Rfc1 Bb8 21. Rc5 Bf4 22.
R1c2 Bd6 23. Ra5 Bb8 24. g3 Qb7 25. Qc4 Rb4 26. Qa6 Qxa6 27. Rxa6 Rb6 28. Ra4 f6 29. Nd2 Kf7 30. Nc4 Rb7 31. Na5 Rb6 32. Rac4 Ke8 33. Nxc6 Bd6 34. Nxa7 Rxc4 35. Rxc4 Ra6 36. Nb5 Kd7 37.
a4 Bb8 38. Kf1 1-0

[Event "*** Titled Tuesday Blitz"]
[Site "Chess.com"]
[Date "2019.10.01"]
[Round "8"]
[White "fidetrainerNET"]
[Black "beccrajoy"]
[Result "0-1"]
[WhiteElo "2204"]
[BlackElo "1807"]
[TimeControl "180+2"]
[EndTime "14:57:17 PDT"]
[Termination "beccrajoy won by checkmate"]

1. b3 d5 2. g3 c5 3. Bg2 Nc6 4. Nf3 Nf6 5. O-O e5 6. c4 e4 7. Ng5 h6 8. cxd5 hxg5 9. dxc6 bxc6 10. Nc3 Bf5 11. f3 Qd7 12. g4 Bxg4 13. fxg4 Nxg4 14. h3 Qd6 15. hxg4 Qh2+ 16. Kf2 Qh4+ 17. Ke3 Qg3+ 18. Kxe4 Qxg4+ 19. Kd3 Qxg2 20. Kc2 O-O-O 21. e3 Rh2 22.
Rxf7 Bd6 23. Qf3 Be5 24. Qxc6+ Qxc6 25. Bb2 Bxc3 26. Bxc3 Qe4+ 27. Kb2 Qg2 28. Rxa7 Rxd2+ 29. Bxd2 Qxd2+ 30. Ka3 Qb4# 0-1

[Event "*** Titled Tuesday Blitz"]
[Site "Chess.com"]
[Date "2019.10.01"]
[Round "8"]
[White "Keranke"]
[Black "mbojan"]
[Result "1-0"]
[WhiteElo "2809"]
[BlackElo "2574"]
[TimeControl "180+2"]
[EndTime "14:57:18 PDT"]
[Termination "Keranke won by checkmate"]

1. d4 g6 2. Nf3 Bg7 3. g3 d6 4. Bg2 Nf6 5. O-O O-O 6. c4 Nbd7 7. Nc3 e5 8. h3 Re8 9. e4 exd4 10. Nxd4 c6 11. Re1 a5 12. Be3 h5 13. Qc2 Nc5 14.
Rad1 Nfd7 15. b3 Kh7 16. Nf3 Qe7 17. Bg5 f6 18. Bf4 Ne5 19. Nd4 Bd7 20. Be3 Bh6 21. f4 Nf7 22. Nde2 Rad8 23. Bf2 h4 24. g4 Ne6 25. f5 Nf4 26. Nxf4 Bxf4 27. fxg6+ Kxg6 28. e5+ Kg7 29. exd6 Qf8 30. Bxh4 Bxd6 31. Ne4 Be5 32. Rf1 Re6 33. Ng3 Bc8 34. Nh5+ Kh8 35. Nxf6 Rxd1 36. Qh7# 1-0

[Event "*** Titled Tuesday Blitz"]
[Site "Chess.com"]
[Date "2019.10.01"]
[Round "8"]
[White "NemtsevIgor"]
[Black "babero_gordo"]
[Result "1-0"]
[WhiteElo "2299"]
[BlackElo "2103"]
[TimeControl "180+2"]
[EndTime "14:57:18 PDT"]
[Termination "NemtsevIgor won by resignation"]

1. d4 Nf6 2. Bf4 e6 3. e3 d5 4.
Nf3 c5 5. c3 Nc6 6. Nbd2 Bd6 7.
Bg3 Nh5 8. Bd3 O-O 9. Bxd6 Qxd6 10. dxc5 Qxc5 11. O-O Nf6 12. e4 dxe4 13. Nxe4 Nxe4 14. Bxe4 Qh5 15. Bxc6 bxc6 16. Nd4 Qc5 17. Nb3 Qg5 18.
Qc1 Qg6 19. Qe3 Ba6 20. Rfd1 Rfd8 21. Nc5 Bc4 22. b3 Bd5 23. f3 e5 24. c4 Be6 25.
Qxe5 Qc2 26. Rxd8+ Rxd8 27. Nxe6 Rd1+ 28. Rxd1 Qxd1+ 29. Kf2 Qd2+ 30. Qe2 Qxe2+ 31. Kxe2 fxe6 32. Ke3 Kf7 33. Kd4 Kf6 34. Kc5 Ke5 35. Kxc6 Kf4 36. c5 e5 37. Kd6 g5 38. c6 g4 39. c7 gxf3 40. gxf3 Kxf3 41. Kxe5 Ke3 1-0

[Event "*** Titled Tuesday Blitz"]
[Site "Chess.com"]
[Date "2019.10.01"]
[Round "8"]
[White "ahkashefi2800"]
[Black "Spring199"]
[Result "1-0"]
[WhiteElo "2197"]
[BlackElo "2352"]
[TimeControl "180+2"]
[EndTime "14:57:19 PDT"]
[Termination "ahkashefi2800 won by checkmate"]

1. d4 Nf6 2. Nf3 d5 3. Bf4 c5 4. c3 Nc6 5. Nbd2 Qb6 6. dxc5 Qxb2 7. e4 dxe4 8. Nc4 Qxc3+ 9. Bd2 Qxa1 10. Qxa1 exf3 11.
gxf3 Be6 12. Rg1 O-O-O 13. Na5 Nd4 14. Qb1 Nxf3+ 15. Ke2 Bd5 16. Bh3+ e6 17. Rd1 Bxc5 18. Be3 Bxe3 19. fxe3 b6 20. Rxd5 Rxd5 21. Nc6 Kc7 22.
Nb4 Rd2+ 23. Kxf3 Rxh2 24. Qc1+ Kd6 25. Qc6+ Ke7 26. Qc7+ Nd7 27. Nc6+ Kf6 28. Qxh2 g5 29. Qb2+ e5 30. Bxd7 h5 31. Qxe5+ Kg6 32. Bf5+ Kh6 33. Qf6# 1-0

[Event "*** Titled Tuesday Blitz"]
[Site "Chess.com"]
[Date "2019.10.01"]
[Round "8"]
[White "Mr_Sinigami"]
[Black "TheLancer"]
[Result "1-0"]
[WhiteElo "2421"]
[BlackElo "2556"]
[TimeControl "180+2"]
[EndTime "14:57:21 PDT"]
[Termination "Mr_Sinigami won by resignation"]

1. d4 Nf6 2. Nf3 e6 3. g3 d5 4.
Bg2 Be7 5. O-O O-O 6. c4 dxc4 7. Qc2 a6 8. Qxc4 b5 9. Qc2 Bb7 10. Bd2 Nbd7 11. Ba5 Rc8 12. Nbd2 Bd6 13. e4 e5 14. dxe5 Nxe5 15. Nxe5 Bxe5 16. Nb3 Nd7 17. f4 Bd6 18.
Rad1 Qe7 19. e5 Bc5+ 20. Nxc5 Qxc5+ 21. Qxc5 Nxc5 22. Bb4 Bxg2 23. Kxg2 Na4 24. Bxf8 Kxf8 25. b3 Nc3 26. Rd2 Ke8 27. Kf3 g6 28. g4 Ke7 29. f5 b4 30. Re1 c6 31. e6 Nd5 32.
exf7+ Kxf7 33. Rc1 Nc3 34. Rd7+ Kf6 35. Rd6+ Kg5 36.
Re1 gxf5 37. h4+ 1-0

[Event "*** Titled Tuesday Blitz"]
[Site "Chess.com"]
[Date "2019.10.01"]
[Round "8"]
[White "Keaton87"]
[Black "Oleg_Papayan"]
[Result "1-0"]
[WhiteElo "2585"]
[BlackElo "2411"]
[TimeControl "180+2"]
[EndTime "14:57:21 PDT"]
[Termination "Keaton87 won by resignation"]

1. d4 Nf6 2. Bg5 d5 3. Nd2 c5 4.
Bxf6 gxf6 5. dxc5 e5 6. e4 d4 7. Bc4 Bxc5 8. Ne2 Nc6 9. O-O Qe7 10. Ng3 Be6 11. Nf5 Bxf5 12. exf5 O-O 13. Ne4 Kh8 14. Qh5 Rg8 15. Bxf7 Rg7 16. Bc4 Nb4 17. g3 Nxc2 18. Rac1 Nb4 19. a3 Nc6 20. Bd5 Bb6 21. Bxc6 bxc6 22.
Rxc6 d3 23. Rxf6 d2 24. Re6 Qd7 25. Rd6 Qb5 26. Rxd2 Bd4 27. Rc2 Qd3 28. Qe2 Qb3 29. Rfc1 Rf8 30. Rc8 Rf7 31. Qh5 Qxb2 32. Qxf7 Qxc1+ 33. Rxc1 Rxf7 34. g4 h5 35. h3 hxg4 36. hxg4 Rg7 37.
g5 Rb7 38. Kg2 Rb3 39. Rc8+ Kg7 40. Rc7+ Kf8 41. g6 Rb6 42. f6 1-0

[Event "*** Titled Tuesday Blitz"]
[Site "Chess.com"]
[Date "2019.10.01"]
[Round "8"]
[White "novocane"]
[Black "M1711"]
[Result "0-1"]
[WhiteElo "2318"]
[BlackElo "2550"]
[TimeControl "180+2"]
[EndTime "14:57:30 PDT"]
[Termination "M1711 won by resignation"]

1. d4 Nf6 2. c4 c5 3. d5 b5 4. cxb5 h5 5. Nc3 h4 6. e4 d6 7. h3 a6 8. Nf3 Rh5 9. Bf4 Qa5 10.
Qd2 Nbd7 11. a4 Qb4 12. Bd3 axb5 13. O-O c4 14. Bc2 Bb7 15. axb5 Nc5 16. Rxa8+ Bxa8 17. Ra1 Bb7 18. e5 Nxd5 19. exd6 Qxb2 20. dxe7 Qxa1+ 21. Nd1 Bxe7 22. Be5 Rxe5 23. Nxe5 Qxe5 24. Ne3 Nxe3 0-1

[Event "*** Titled Tuesday Blitz"]
[Site "Chess.com"]
[Date "2019.10.01"]
[Round "8"]
[White "Darhild"]
[Black "Kostya_Nikologorskiy"]
[Result "0-1"]
[WhiteElo "2624"]
[BlackElo "2528"]
[TimeControl "180+2"]
[EndTime "14:57:34 PDT"]
[Termination "Kostya_Nikologorskiy won by resignation"]

1. e4 e6 2. d4 d5 3. Nc3 Bb4 4. e5 c5 5. a3 Bxc3+ 6. bxc3 Ne7 7. Qg4 Qc7 8. Qxg7 Rg8 9. Qxh7 cxd4 10. Ne2 Nbc6 11.
f4 Bd7 12. Qd3 dxc3 13. h4 Nf5 14. h5 O-O-O 15. Rb1 d4 16. Rg1 f6 17. g4 fxe5 18.
gxf5 exf5 19. Rxg8 Rxg8 20. Qc4 Qd8 21. fxe5 Qh4+ 22. Kd1 Rg4 23. e6 Be8 24. Qd5 Qf2 25. Qh1 Bxh5 26. e7 Re4 27. e8=Q+ Rxe8 28. Bf4 Bxe2+ 29.
Bxe2 Qxe2+ 30. Kc1 Qe1+ 0-1

[Event "*** Titled Tuesday Blitz"]
[Site "Chess.com"]
[Date "2019.10.01"]
[Round "8"]
[White "colegiodemadrid"]
[Black "cukus"]
[Result "1/2-1/2"]
[WhiteElo "2356"]
[BlackElo "2464"]
[TimeControl "180+2"]
[EndTime "14:57:37 PDT"]
[Termination "Game drawn by repetition"]

1. Nf3 c5 2. e4 d6 3. d4 cxd4 4. Nxd4 Nf6 5. Nc3 a6 6. Qd3 e5 7. Nf5 g6 8. Ne3 Bg7 9. Ned5 O-O 10. Bg5 Nbd7 11. h4 h6 12. Bxf6 Nxf6 13. O-O-O Be6 14.
f3 Rc8 15. g4 Nxd5 16. Nxd5 b5 17. h5 g5 18. Kb1 Rc5 19. Ne3 Rc6 20. Nf5 Bxf5 21.
gxf5 Qb6 22. Bh3 Bf6 23. Rh2 Qc5 24. Qd5 Qb6 25. Rhd2 Rd8 26. Bf1 Rc5 27. Qb3 d5 28.
Rxd5 Rcxd5 29. Rxd5 Rxd5 30. Qxd5 Qf2 31. Qd1 Kg7 32. a4 Qc5 33. axb5 axb5 34. Qd3 b4 35. Qc4 Qxc4 36. Bxc4 Be7 37. Ka2 Kf8 38. Kb3 Ke8 39. Ka4 f6 40. Kb5 Kd7 41. Bd5 Kc7 42. c4 bxc3 43.
bxc3 Bd6 44. c4 Ba3 45. c5 Bb2 46. Bb3 Bd4 47. Kc4 Kd7 48. Kd5 g4 49. fxg4 Be3 50.
Ba4+ Kc7 51. Bb5 Bg5 52. Ke6 Bh4 53. Kf7 Bg5 54. Kg7 Kb7 55. Kg6 Kc7 56. Kf7 Bh4 57.
Kf8 Bg5 58. Kg7 Kb7 59. Kg6 Kc7 60. Kg7 1/2-1/2

[Event "*** Titled Tuesday Blitz"]
[Site "Chess.com"]
[Date "2019.10.01"]
[Round "8"]
[White "MarcoRiehle"]
[Black "DonRodrigue"]
[Result "0-1"]
[WhiteElo "2588"]
[BlackElo "2715"]
[TimeControl "180+2"]
[EndTime "14:57:39 PDT"]
[Termination "DonRodrigue won by resignation"]

1. e4 c5 2. a3 Nc6 3. b4 cxb4 4. axb4 Nxb4 5. c3 Nc6 6. d4 d5 7. exd5 Qxd5 8. Na3 a6 9. Nb5 Qd8 10. d5 Na5 11. Nd4 Qxd5 12. Ngf3 Bd7 13. Bd3 g6 14. O-O Bg7 15. Re1 Rc8 16. Be4 Qc5 17. Be3 Qc7 18. Bd5 Nf6 19. Bxf7+ Kxf7 20. Ng5+ Kg8 21. Nde6 Bxe6 22.
Nxe6 Qc6 23. Nxg7 Kxg7 24. Rxa5 Qxc3 25. Bd2 Qc7 26. Rae5 Rhe8 27. Bg5 Rcd8 28. Qf3 Rd6 29. h4 h6 30. Bf4 Qd7 31. Qe3 Kg8 32. Rxe7 Rxe7 33.
Qxe7 Qxe7 34. Rxe7 Rd1+ 35. Kh2 Rb1 36. f3 Nd5 37. Re8+ Kf7 38. Re4 Nxf4 39. Rxf4+ Kg7 40. Rd4 a5 41. g4 b5 42. Rd7+ Kf8 43. Rd6 a4 44.
Rxg6 a3 45. Ra6 b4 46. g5 hxg5 47. hxg5 Ra1 48. g6 b3 49. f4 b2 0-1

[Event "*** Titled Tuesday Blitz"]
[Site "Chess.com"]
[Date "2019.10.01"]
[Round "8"]
[White "I-Mesquita"]
[Black "Andrei_Belozerov"]
[Result "0-1"]
[WhiteElo "2635"]
[BlackElo "2537"]
[TimeControl "180+2"]
[EndTime "14:57:39 PDT"]
[Termination "Andrei_Belozerov won by resignation"]

1. e4 c6 2. Nc3 d5 3. Nf3 Nf6 4. e5 Ne4 5. Ne2 Qb6 6. d4 e6 7.
Ng3 c5 8. Bd3 Nxg3 9. hxg3 Nc6 10. dxc5 Bxc5 11. O-O Bd7 12. c3 h6 13. b4 Be7 14. a3 O-O 15. Qe2 Rac8 16. Bb2 Rfd8 17. Rac1 Be8 18. Bb1 Bf8 19. c4 dxc4 20. Rxc4 Ne7 21.
Qc2 g6 22. Rc1 Bb5 23. Bd4 Rxc4 24. Qxc4 Bxc4 25. Bxb6 axb6 26. Rxc4 Rd1+ 27. Kh2 Rxb1 28. Rc7 Rb3 29. Rxb7 Rxa3 30. Rxb6 Nd5 31. Rb8 Nxb4 32. Nd2 Nc6 33. Rc8 Nxe5 34. Ne4 Kg7 35. f4 Ng4+ 36. Kh3 h5 37. Rc7 Ra1 38. Kh4 0-1

[Event "*** Titled Tuesday Blitz"]
[Site "Chess.com"]
[Date "2019.10.01"]
[Round "8"]
[White "swayamsm"]
[Black "Bucefal_M"]
[Result "1-0"]
[WhiteElo "2462"]
[BlackElo "2289"]
[TimeControl "180+2"]
[EndTime "14:57:40 PDT"]
[Termination "swayamsm won on time"]

1. d4 Nf6 2. Nf3 e6 3. Bf4 d5 4. e3 Bd6 5. Bg3 O-O 6. Bd3 c5 7. c3 b6 8. Nbd2 Bb7 9. Qe2 Nc6 10. Rd1 h6 11. e4 Bxg3 12. hxg3 dxe4 13. Nxe4 cxd4 14. g4 Nd5 15. g5 Nf4 16. Qd2 Nxd3+ 17. Qxd3 dxc3 18. Qxc3 Qe7 19. gxh6 Qb4 20. hxg7 Qxc3+ 21. bxc3 Kxg7 22. Rd7 Ba6 23. Nfg5 Rae8 24. Rh7+ Kg6 25.
Rhxf7 Rxf7 26. Rxf7 Ne5 27. Rxa7 Bc4 28. f3 Nd3+ 29. Ke2 Nb4+ 30. Kf2 Nxa2 31. Nd6 1-0

[Event "*** Titled Tuesday Blitz"]
[Site "Chess.com"]
[Date "2019.10.01"]
[Round "8"]
[White "Vojtap"]
[Black "CzechmVIII"]
[Result "0-1"]
[WhiteElo "2152"]
[BlackElo "2110"]
[TimeControl "180+2"]
[EndTime "14:57:48 PDT"]
[Termination "CzechmVIII won by resignation"]

1. e4 c5 2. Nf3 d6 3. d4 cxd4 4.
Nxd4 Nf6 5. Nc3 g6 6. g3 Nc6 7. Nde2 b6 8. Bg2 Ba6 9. O-O Bg7 10.
a4 Rc8 11. Nb5 O-O 12. h3 Nd7 13. Rb1 Nc5 14. b3 Bb7 15. Bb2 Bxb2 16. Rxb2 a6 17.
Nbc3 Nb4 18. Nd5 a5 19. Nxb4 axb4 20. Qd4 Na6 21. c4 Nc5 22. Nf4 e5 23. Qe3 exf4 24. Qxf4 Qe7 25. Re1 Qe5 26. Qd2 Qc3 27. Qxc3 bxc3 28.
Rbb1 Nd3 29. Re3 c2 30. Rf1 c1=Q 31. Rxc1 Nxc1 0-1

[Event "*** Titled Tuesday Blitz"]
[Site "Chess.com"]
[Date "2019.10.01"]
[Round "8"]
[White "chessdjw"]
[Black "severomorskij"]
[Result "0-1"]
[WhiteElo "2662"]
[BlackElo "2859"]
[TimeControl "180+2"]
[EndTime "14:57:56 PDT"]
[Termination "severomorskij won on time"]

1. c4 e5 2. Nc3 Bb4 3. Nd5 Bc5 4. e3 Nf6 5. b4 Nxd5 6. bxc5 Nf6 7. Bb2 Qe7 8. Nf3 Nc6 9. Be2 Qxc5 10. O-O Qe7 11. d4 d6 12. c5 O-O 13. cxd6 cxd6 14. dxe5 dxe5 15. Qb3 Be6 16. Qb5 a6 17. Qa4 b5 18.
Qh4 Bf5 19. Rfc1 Rfc8 20. Qg5 Qe6 21. a4 h6 22. Qh4 Ne4 23. Rxc6 Rxc6 24. Nxe5 Rc2 25.
Bd3 Rxb2 26. Bxe4 Bxe4 27. Qxe4 Re8 28. f4 bxa4 0-1

[Event "*** Titled Tuesday Blitz"]
[Site "Chess.com"]
[Date "2019.10.01"]
[Round "8"]
[White "WorldChampionBulletChess"]
[Black "AndrewMcStone"]
[Result "0-1"]
[WhiteElo "2061"]
[BlackElo "2143"]
[TimeControl "180+2"]
[EndTime "14:57:57 PDT"]
[Termination "AndrewMcStone won by checkmate"]

1. d4 Nf6 2. Nc3 d5 3. Nf3 g6 4.
Bf4 Bg7 5. Ne5 c5 6. e3 O-O 7. Be2 Nc6 8. O-O cxd4 9. exd4 Qb6 10. Na4 Qxd4 11. Nxc6 Qxf4 12. Nxe7+ Kh8 13. Nc5 Be6 14. Nxe6 fxe6 15. Bb5 Rf7 16. Nxg6+ hxg6 17. Qd3 Qf5 18. Qg3 Nh5 19. Qh4 Qf4 20. g4 Be5 21. Qh3 Qxh2+ 22. Qxh2 Bxh2+ 23. Kxh2 Nf6 24. g5 Ne4 25. Bd3 Nxg5 26.
Bxg6 Rf6 27. Bd3 Rg8 28. Kg3 Ne4+ 29. Kh4 Rh6# 0-1

[Event "*** Titled Tuesday Blitz"]
[Site "Chess.com"]
[Date "2019.10.01"]
[Round "8"]
[White "joppie2"]
[Black "Duhless"]
[Result "1-0"]
[WhiteElo "2874"]
[BlackElo "3012"]
[TimeControl "180+2"]
[EndTime "14:58:00 PDT"]
[Termination "joppie2 won on time"]

1. c4 g6 2. Nc3 c5 3. g3 Bg7 4.
Bg2 Nc6 5. b3 Nf6 6. Bb2 O-O 7.
e3 Nb4 8. d3 d5 9. a3 Na6 10. Nge2 d4 11. Na4 dxe3 12. fxe3 Bf5 13. Bxb7 Rb8 14. Bxa6 Qa5+ 15. Qd2 Qxa6 16. O-O Qc6 17.
e4 Rxb3 18. exf5 Qxa4 19. fxg6 hxg6 20. Nf4 Ne4 21. dxe4 Rxb2 22. Qd3 Rb3 23. Qe2 Bd4+ 24. Kh1 Bxa1 25. Rxa1 Rxa3 26. Rf1 Ra1 27. Nd5 Rxf1+ 28.
Qxf1 Rb8 29. Nxe7+ Kg7 30. Nd5 Qa6 31. Qf4 Qa1+ 32. Kg2 1-0

[Event "*** Titled Tuesday Blitz"]
[Site "Chess.com"]
[Date "2019.10.01"]
[Round "8"]
[White "comsac"]
[Black "chesstatour"]
[Result "1-0"]
[WhiteElo "2269"]
[BlackElo "2040"]
[TimeControl "180+2"]
[EndTime "14:58:01 PDT"]
[Termination "comsac won on time"]

1. e4 c6 2. d4 d5 3. exd5 cxd5 4. Bf4 Nc6 5. c3 g6 6. Bd3 Bg7 7. Nf3 Nh6 8. O-O O-O 9. Nbd2 f6 10. Re1 Nf7 11. h3 e5 12. dxe5 fxe5 13. Bh2 e4 14. Bxe4 dxe4 15. Rxe4 Bf5 16. Re1 Qd5 17. Qa4 a5 18. Rad1 b5 19. Qa3 b4 20. Qa4 Rfc8 21.
Ne4 Qc4 22. Nd6 Nxd6 23. Rxd6 Bf8 24. Rdd1 Qc5 25. Bf4 bxc3 26. bxc3 Qxc3 27. Rc1 Qb4 28. Qd1 h6 29. Qd5+ Kh7 30. Qf7+ Bg7 31. Rxc6 Qxf4 32.
Re7 Rg8 33. Rcc7 Rac8 34. Rxc8 1-0

[Event "*** Titled Tuesday Blitz"]
[Site "Chess.com"]
[Date "2019.10.01"]
[Round "8"]
[White "GelmanAlexander"]
[Black "IMRosen"]
[Result "0-1"]
[WhiteElo "2499"]
[BlackElo "2634"]
[TimeControl "180+2"]
[EndTime "14:58:03 PDT"]
[Termination "IMRosen won by resignation"]

1. e4 e5 2. f4 d5 3. exd5 e4 4. d3 Nf6 5. dxe4 Nxe4 6. Qd4 Qh4+ 7. g3 Nxg3 8. hxg3 Qxh1 9. Be3 Nd7 10. Nc3 Be7 11.
O-O-O Bf6 12. Qc4 O-O 13. Bd3 Re8 14. Nge2 Qf3 15. Bd2 Nb6 16. Qxc7 Bg4 17. d6 Rac8 18. Bxh7+ Kf8 19. d7 Rxc7 20. dxe8=Q+ Kxe8 21. Nb5 Rc5 22. Re1 Kd7 23. Nec3 Nc4 24. Nxa7 Bxc3 25. Bxc3 Ne3 26. Bd4 Rxc2+ 27. Kb1 Re2 28. Rc1 Bf5+ 29. Bxf5+ Nxf5 30. Be5 Qd3+ 31. Ka1 Qc2 32. Rb1 Ne3 33. Nb5 Qxb1+ 0-1

[Event "*** Titled Tuesday Blitz"]
[Site "Chess.com"]
[Date "2019.10.01"]
[Round "8"]
[White "DonBroca"]
[Black "2165149677570"]
[Result "0-1"]
[WhiteElo "2084"]
[BlackElo "2297"]
[TimeControl "180+2"]
[EndTime "14:58:05 PDT"]
[Termination "2165149677570 won on time"]

1. e4 g6 2. d4 Nf6 3. e5 Nh5 4. Be2 d6 5. Bxh5 gxh5 6. Qxh5 dxe5 7. Qxe5 Rg8 8. Qe4 Nd7 9. Be3 Nf6 10. Qd3 Rxg2 11.
Nf3 Qd5 12. Nbd2 Bg4 13. c4 Qh5 14. Ne5 Bf5 15. Qe2 Qh4 16. O-O-O O-O-O 17. Nxf7 Rxd4 18. Bxd4 Qxd4 19. Nb3 Qf4+ 20. Rd2 Ne4 21. Qe3 Qxe3 22. fxe3 Nxd2 23. Nxd2 Bg7 24. Rf1 Bd3 25. Rf4 Rg1+ 26. Nf1 Rxf1+ 27. Rxf1 Bxf1 28. Ng5 Bh6 29. Nf3 Bxe3+ 30. Kc2 Bg2 31. Nh4 Be4+ 32. Kb3 Bg5 0-1

[Event "*** Titled Tuesday Blitz"]
[Site "Chess.com"]
[Date "2019.10.01"]
[Round "8"]
[White "PowerThinking2650"]
[Black "HouseOfDurin"]
[Result "1-0"]
[WhiteElo "2291"]
[BlackElo "2075"]
[TimeControl "180+2"]
[EndTime "14:58:05 PDT"]
[Termination "PowerThinking2650 won by checkmate"]

1. e4 c5 2. Nf3 Nc6 3. d4 cxd4 4. Nxd4 e5 5. Nb5 d6 6. N1c3 a6 7. Na3 b5 8. Nd5 Be6 9. c4 b4 10. Nc2 a5 11. Be3 Bxd5 12. cxd5 Nb8 13. Bb5+ Nd7 14.
O-O Nf6 15. f4 exf4 16. Rxf4 Be7 17. Nd4 O-O 18. Nc6 Qe8 19. Qa4 Bd8 20. Raf1 Bb6 21. Bxb6 Nxb6 22. Qd1 Nfd7 23. Qh5 g6 24. Qh6 f5 25. Nd4 Qe5 26. Ne6 Rf7 27. Ng5 Rg7 28. exf5 Qe3+ 29. Kh1 gxf5 30. Qe6+ Qxe6 31. Nxe6 Rf7 32.
Bc6 Rc8 33. Rxf5 Rxf5 34. Rxf5 Ne5 35. h4 Nxc6 36. dxc6 Rxc6 37. Rf8# 1-0

[Event "*** Titled Tuesday Blitz"]
[Site "Chess.com"]
[Date "2019.10.01"]
[Round "8"]
[White "FMJoseHerrera"]
[Black "Dhaydon19"]
[Result "0-1"]
[WhiteElo "2529"]
[BlackElo "2688"]
[TimeControl "180+2"]
[EndTime "14:58:09 PDT"]
[Termination "Dhaydon19 won on time"]

1. Nf3 e6 2. g3 d5 3. Bg2 Nf6 4. O-O b6 5. b3 Bb7 6. Bb2 Nbd7 7. d3 Bd6 8. Nbd2 O-O 9. Re1 c5 10. e4 dxe4 11. dxe4 Be7 12. Qe2 Qc7 13. Rad1 a6 14. e5 Nd5 15. c4 Nb4 16. a3 Nc6 17. Ne4 Ncxe5 18. Nxe5 Nxe5 19. Nxc5 Bxg2 20. Qxe5 Qxe5 21. Bxe5 Bf3 22. Rd3 Bxc5 23. Rxf3 Bxa3 24. Re4 f6 25. Bd4 e5 26. Bxb6 Rab8 27. c5 Bb2 28. Ra4 Ra8 29.
Rd3 Bd4 30. Rc4 a5 31. Ra4 Rfc8 32. Raxd4 exd4 33. Rxd4 Ra6 34. Kf1 Rca8 35. Rc4 a4 36. b4 a3 37. Rc1 a2 38. Ra1 Ra3 39. c6 Rb3 40. Ke2 Rxb4 41. Bc5 Rc4 42. Be3 Rxc6 43. h4 Rca6 44. h5 Rb8 45. h6 g5 46. Bd4 Rb1 47. Kf3 Rxa1 48. Bxa1 Kf7 49. Kg4 Kg6 50. Bxf6 Rxf6 0-1

[Event "*** Titled Tuesday Blitz"]
[Site "Chess.com"]
[Date "2019.10.01"]
[Round "8"]
[White "IvanRadivojevic"]
[Black "RitvarsReimanis"]
[Result "1-0"]
[WhiteElo "2495"]
[BlackElo "2573"]
[TimeControl "180+2"]
[EndTime "14:58:10 PDT"]
[Termination "IvanRadivojevic won on time"]

1. e4 c5 2. Nc3 Nc6 3. f4 g6 4. Nf3 Bg7 5. Bb5 Nd4 6. O-O Nh6 7. Nxd4 cxd4 8. Ne2 O-O 9. Bd3 d6 10. b3 f5 11. Bb2 Qb6 12. Kh1 e5 13. fxe5 dxe5 14.
c3 Be6 15. cxd4 exd4 16. Nf4 Kh8 17. Nxe6 Qxe6 18. exf5 Nxf5 19. Qg4 Rae8 20. h3 Be5 21. Bxf5 gxf5 22. Qf3 Rf7 23. Qd3 Qd5 24. Rxf5 Rg8 25.
Rg1 Rxf5 26. Qxf5 Qd6 27. Qe4 Bg7 28. Rf1 b6 29. Rf7 Qg6 30. Qxg6 hxg6 31. Rd7 Rc8 32. Bxd4 Bxd4 33. Rxd4 Rc2 34. a4 Rb2 35. Rd3 Kg7 36. Kh2 Kf6 37. Kg3 1-0

[Event "*** Titled Tuesday Blitz"]
[Site "Chess.com"]
[Date "2019.10.01"]
[Round "8"]
[White "Leonid_Starozhilov"]
[Black "Hikaru"]
[Result "1-0"]
[WhiteElo "2690"]
[BlackElo "3123"]
[TimeControl "180+2"]
[EndTime "14:58:11 PDT"]
[Termination "Leonid_Starozhilov won by checkmate"]

1. Nf3 Nf6 2. g3 d6 3. Bg2 e5 4.
O-O c5 5. c4 Nc6 6. Nc3 g6 7.
d3 Bg7 8. Bg5 h6 9. Bxf6 Bxf6 10. Ne1 Bg7 11. Nc2 O-O 12. Ne3 f5 13. Ned5 f4 14.
a3 g5 15. b4 Nd4 16. e3 Nf5 17. bxc5 dxc5 18. Ne4 b6 19. a4 Be6 20. Qe2 Rc8 21.
a5 b5 22. a6 b4 23. Nd2 Ne7 24. e4 Nc6 25. Nb3 g4 26. f3 h5 27. Qd1 Qd6 28. Ra2 Bxd5 29. cxd5 Nd4 30. Nxd4 cxd4 31. fxg4 h4 32.
gxh4 Rc3 33. g5 b3 34. Rb2 Qa3 35. Rff2 Rfc8 36. Qg4 Rc1+ 37. Bf1 R8c2 38. Qe6+ Kh8 39.
Qe8+ Kh7 40. Qh5+ Kg8 41. Qe8+ Qf8 42. Qxf8+ Bxf8 43. Rxb3 Rc3 44. Rb7 Rxd3 45. h5 Rdc3 46. h6 d3 47. Rd2 Bc5+ 48. Kg2 f3+ 49. Kh3 Rxf1 50. g6 Bd6 51. Rd7 Rc8 52. Rxd6 Rf8 53.
Rd7 Rg1 54. g7 Rc8 55. h7+ Kxh7 56. Rf7 Rc2 57. Rxd3 Rgg2 58. g8=Q+ Kxg8 59. Rfxf3 Rxh2+ 60. Kg4 Rh6 61. Kf5 Rxa6 62. Kxe5 Rc8 63. Rf5 Re8+ 64.
Kf4 Ra1 65. Rg3+ Kh7 66. Rh5# 1-0